Map: Deathaura LE

Players

Geralt (Gerald) - Winner!

  • Race: Protoss Protoss
  • League: Grandmaster
  • Spawn Location: 5:00

LiquidMaNa (MaNa)

  • Race: Protoss Protoss
  • League: Grandmaster
  • Spawn Location: 11:00

Event: DreamHack SC2 Masters 2020 Fall

VOD

Have the link to the VOD?

Description

Time

  • Played on: Sept. 6, 2020, 1:10 p.m.
  • Length: 17:15

All games in this series

Show
View Real Time Build Order
Export as new Build Order

Geralt Protoss - Winner!

Build Orders: Oracle Opening 

Get SALT Encoding   

  12  0:00  Probe  
  13  0:12  Probe  
  14  0:17  Pylon  
  14  0:25  Probe (Chrono Boost)  
  16  0:36  Gateway  
  16  0:37  Probe (Chrono Boost)  
  16  0:42  Probe (Chrono Boost)  
  16  0:45  Assimilator  
  17  0:51  Probe  
  17  0:53  Assimilator  
  18  1:03  Probe (Chrono Boost)  
  19  1:06  Gateway  
  19  1:12  Probe (Chrono Boost)  
  19  1:17  Probe (Chrono Boost)  
  20  1:23  Cybernetics Core  
  21  1:29  Probe  
  21  1:32  Pylon  
  22  1:41  Probe  
  23  1:53  Probe  
  24  2:00  Warp Gate, Stalker x2  
  28  2:06  Probe  
  28  2:07  Pylon  
  29  2:18  Probe  
  29  2:19  Pylon  
  30  2:29  Stargate  
  30  2:33  Probe  
  31  2:45  Probe  
  32  2:57  Nexus  
  32  3:02  Probe  
  33  3:10  Oracle (Chrono Boost)  
  32  3:16  Probe  
  36  3:20  Shield Battery  
  36  3:27  Pylon  
  36  3:29  Probe  
  37  3:41  Probe  
  38  3:49  Adept x2  
  38  3:52  Shield Battery  
  38  3:53  Probe  
  43  4:01  Twilight Council  
  43  4:05  Probe (Chrono Boost)  
  44  4:12  Probe (Chrono Boost)  
  44  4:15  Forge  
  45  4:20  Probe (Chrono Boost)  
  45  4:21  Probe (Chrono Boost)  
  45  4:22  Sentry  
  49  4:25  Stalker  
  49  4:26  Probe (Chrono Boost)  
  49  4:28  Probe  
  53  4:41  Probe x2  
  53  4:43  Blink  
  53  4:49  Stalker  
  53  4:51  Protoss Ground Weapons Level 1 (Chrono Boost)  
  53  4:52  Stalker  
  57  4:53  Probe x2  
  59  5:01  Assimilator  
  59  5:05  Probe  
  60  5:11  Nexus  
  58  5:23  Gateway x2  
  58  5:28  Stalker  
  58  5:29  Stalker  
  62  5:57  Photon Cannon  
  62  6:03  Gateway  
  62  6:04  Gateway  
  62  6:08  Pylon  
  62  6:11  Pylon  
  62  6:23  Pylon, Probe x2  
  62  6:24  Stalker x3  
  70  6:30  Probe  
  71  6:35  Stalker, Probe  
  71  6:39  Probe  
  75  6:41  Shield Battery  
  75  6:44  Probe  
  76  6:47  Robotics Facility  
  76  6:53  Probe  
  76  6:55  Protoss Ground Weapons Level 2 (Chrono Boost)  
  76  6:57  Probe  
  76  6:59  Probe  
  76  7:00  Photon Cannon  
  78  7:03  Pylon  
  78  7:06  Stalker x2  
  82  7:11  Probe x2  
  84  7:20  Probe  
  82  7:23  Probe, Gateway, Stalker  
  82  7:24  Probe  
  82  7:25  Gateway  
  86  7:32  Probe  
  86  7:33  Pylon  
  86  7:37  Observer (Chrono Boost)  
  88  7:38  Stalker x3  
  94  7:45  Assimilator  
  94  7:46  Stalker  
  94  7:47  Assimilator  
  94  7:49  Pylon  
  96  7:54  Warp Prism (Chrono Boost)  
  98  8:03  Stalker  
  98  8:04  Stalker x3  
  106  8:08  Assimilator  
  106  8:15  Pylon  
  106  8:20  Robotics Facility  
  106  8:23  Stalker x2  
  106  8:24  Robotics Bay  
  110  8:29  Photon Cannon  
  110  8:37  Dark Shrine  
  110  8:39  Probe x2  
  112  8:49  Stalker x4  
  112  8:53  Stalker  
  120  9:08  Nexus  
  120  9:10  Pylon  
  120  9:12  Observer  
  120  9:13  Protoss Ground Weapons Level 3 (Chrono Boost)  
  120  9:14  Disruptor x2 (Chrono Boost)  
  126  9:19  Probe  
  126  9:22  Probe  
  128  9:39  Probe x3  
  128  9:41  Disruptor, Photon Cannon  
  128  9:42  Disruptor, Pylon  
  137  9:51  Shield Battery, Probe x2, Photon Cannon  
  139  10:03  Probe  
  139  10:13  Stalker x2  
  139  10:14  Stalker x4  
  141  10:25  Disruptor (Chrono Boost)  
  141  10:26  Disruptor (Chrono Boost)  
  142  10:41  Stalker x2  
  133  10:43  Probe x2 (Chrono Boost)  
  137  10:50  Probe x2 (Chrono Boost)  
  137  10:54  Disruptor (Chrono Boost)  
  137  10:55  Probe (Chrono Boost), Photon Cannon  
  139  10:57  Disruptor (Chrono Boost)  
  139  10:58  Photon Cannon  
  139  11:01  Probe x2 (Chrono Boost)  
  139  11:02  Assimilator  
  139  11:03  Probe (Chrono Boost)  
  148  11:04  Probe (Chrono Boost)  
  148  11:06  Assimilator  
  148  11:07  Probe (Chrono Boost)  
  148  11:08  Probe (Chrono Boost)  
  148  11:09  Probe (Chrono Boost)  
  147  11:22  Disruptor  
  144  11:27  Warp Prism  
  144  11:43  Stalker x3, Probe  
  144  11:44  Stalker x5  
  161  11:51  Probe x3  
  163  11:55  Probe  
  163  11:57  Pylon  
  163  11:59  Pylon  
  164  12:03  Pylon  
  164  12:06  Pylon  
  164  12:07  Pylon  
  164  12:11  Pylon  
  164  12:15  Disruptor x2  
  164  12:23  Nexus  
  151  12:40  Dark Templar  
  151  12:41  Dark Templar x7  
  167  12:50  Disruptor  
  169  12:51  Observer  
  160  13:02  Probe  
  160  13:03  Protoss Shields Level 1  
  160  13:05  Probe x2  
  149  13:07  Pylon  
  149  13:10  Assimilator, Charge (Chrono Boost)  
  149  13:12  Disruptor  
  150  13:13  Assimilator  
  150  13:22  Pylon  
  150  13:23  Gateway x2  
  150  13:26  Disruptor, Gateway  
  153  13:29  Gateway  
  153  13:30  Dark Templar x4  
  153  13:31  Zealot  
  153  13:32  Zealot  
  159  13:47  Disruptor  
  162  13:55  Dark Templar x3  
  168  13:58  Photon Cannon  
  168  14:02  Disruptor, Photon Cannon  
  171  14:03  Photon Cannon  
  171  14:06  Photon Cannon  
  171  14:10  Shield Battery  
  171  14:12  Shield Battery  
  171  14:14  Shield Battery  
  171  14:16  Pylon  
  168  14:23  Disruptor, Probe  
  156  14:37  Disruptor  
  152  14:38  Probe  
  152  14:39  Shadow Stride (Chrono Boost)  
  152  14:40  Zealot x12  
  152  14:41  Probe  
  174  14:59  Disruptor  
  177  15:05  Probe x2  
  176  15:13  Zealot x3  
  176  15:14  Zealot x8, Observer  
  199  15:24  Stalker  
  198  15:34  Disruptor  
  198  15:35  Disruptor  
  163  15:51  Stalker  
  163  15:52  Stalker x11  
  185  16:09  Disruptor (Chrono Boost), Nexus  
  185  16:10  Fleet Beacon  
  185  16:11  Stargate, Pylon  
  188  16:18  Pylon  
  188  16:21  Unknown  
  191  16:25  Unknown  
  191  16:27  Disruptor (Chrono Boost)  
  191  16:36  Disruptor  
  186  16:45  Zealot x9  
Show
View Real Time Build Order
Export as new Build Order

LiquidMaNa Protoss 

Build Orders: Oracle Opening 

Get SALT Encoding   

  12  0:00  Probe  
  13  0:12  Probe  
  14  0:17  Pylon  
  14  0:24  Probe (Chrono Boost)  
  15  0:36  Probe (Chrono Boost)  
  15  0:37  Gateway  
  16  0:44  Probe (Chrono Boost)  
  16  0:45  Assimilator  
  17  0:51  Probe  
  17  0:56  Assimilator  
  18  1:03  Probe (Chrono Boost)  
  19  1:07  Gateway  
  19  1:12  Probe (Chrono Boost)  
  19  1:17  Probe (Chrono Boost)  
  20  1:25  Cybernetics Core  
  21  1:29  Probe  
  22  1:35  Pylon  
  22  1:41  Probe  
  23  1:53  Probe  
  24  2:01  Stalker x2  
  24  2:02  Warp Gate  
  24  2:05  Probe  
  29  2:10  Pylon  
  29  2:24  Pylon  
  29  2:28  Stargate  
  28  2:54  Nexus  
  28  2:55  Probe  
  29  3:07  Probe  
  29  3:10  Oracle (Chrono Boost)  
  33  3:19  Probe  
  34  3:22  Twilight Council  
  34  3:30  Pylon  
  34  3:31  Probe  
  35  3:43  Shield Battery, Probe (Chrono Boost)  
  36  3:50  Sentry, Stalker  
  41  3:55  Probe (Chrono Boost)  
  41  4:04  Blink  
  41  4:05  Probe (Chrono Boost)  
  41  4:08  Probe (Chrono Boost)  
  43  4:15  Probe x2 (Chrono Boost)  
  45  4:20  Probe (Chrono Boost)  
  45  4:22  Probe  
  47  4:30  Shield Battery  
  47  4:32  Forge  
  47  4:34  Stalker  
  47  4:38  Probe  
  47  4:42  Probe  
  47  4:44  Stalker  
  50  4:50  Probe  
  51  4:55  Probe  
  52  5:01  Phoenix  
  52  5:05  Probe  
  55  5:07  Probe  
  56  5:15  Protoss Ground Weapons Level 1 (Chrono Boost)  
  56  5:17  Probe  
  56  5:19  Probe  
  56  5:24  Assimilator  
  56  5:29  Probe  
  56  5:31  Probe  
  58  5:36  Stalker  
  58  5:41  Probe  
  61  5:44  Probe  
  57  5:53  Probe  
  57  5:56  Probe  
  56  6:01  Stalker x2  
  60  6:05  Probe  
  60  6:08  Probe  
  60  6:10  Pylon  
  62  6:19  Nexus  
  62  6:25  Gateway  
  62  6:26  Gateway  
  62  6:28  Probe x2  
  62  6:29  Gateway x2  
  64  6:34  Sentry  
  64  6:39  Pylon  
  66  6:40  Probe x2  
  68  6:48  Stalker  
  68  6:53  Probe x2 (Chrono Boost)  
  69  7:00  Stalker  
  71  7:05  Phoenix, Probe x2 (Chrono Boost)  
  71  7:07  Shield Battery  
  73  7:10  Probe x2 (Chrono Boost)  
  73  7:12  Robotics Facility  
  73  7:19  Probe x2 (Chrono Boost)  
  72  7:25  Protoss Ground Weapons Level 2 (Chrono Boost)  
  72  7:26  Shield Battery  
  72  7:31  Probe x2 (Chrono Boost)  
  72  7:35  Stalker x2  
  79  7:38  Probe x2 (Chrono Boost)  
  79  7:39  Probe (Chrono Boost)  
  79  7:42  Dark Shrine  
  81  7:45  Assimilator, Probe  
  81  7:47  Probe  
  81  7:48  Probe  
  84  7:57  Probe  
  85  7:59  Probe  
  85  8:01  Immortal (Chrono Boost), Probe  
  85  8:03  Assimilator  
  91  8:09  Probe  
  91  8:11  Probe  
  93  8:13  Pylon  
  93  8:14  Pylon  
  93  8:16  Pylon  
  93  8:26  Pylon  
  93  8:32  Photon Cannon  
  93  8:33  Assimilator, Observer, Stalker x3  
  100  8:35  Stalker  
  100  8:38  Stalker  
  104  8:41  Stalker  
  104  8:44  Probe x2  
  104  8:45  Probe  
  109  8:50  Shield Battery  
  108  9:02  Dark Templar x2  
  112  9:04  Stalker x3  
  112  9:05  Observer, Stalker  
  112  9:08  Probe  
  125  9:17  Immortal  
  125  9:18  Pylon  
  125  9:19  Pylon  
  125  9:22  Photon Cannon  
  125  9:36  Nexus  
  125  9:39  Pylon  
  125  9:43  Robotics Bay, Protoss Ground Weapons Level 3 (Chrono Boost)  
  125  9:46  Robotics Facility  
  125  9:53  Probe x2  
  125  9:57  Pylon  
  125  9:59  Stalker x2  
  129  10:01  Pylon  
  129  10:14  Immortal (Chrono Boost)  
  127  10:29  Stalker x5  
  127  10:30  Stalker  
  127  10:31  Assimilator  
  127  10:35  Assimilator  
  129  10:39  Probe  
  129  10:41  Disruptor (Chrono Boost)  
  118  10:48  Probe x2 (Chrono Boost)  
  121  10:50  Disruptor (Chrono Boost)  
  121  10:53  Photon Cannon  
  121  10:56  Probe (Chrono Boost)  
  125  10:58  Probe (Chrono Boost)  
  125  11:00  Probe (Chrono Boost)  
  125  11:01  Probe (Chrono Boost)  
  125  11:03  Shield Battery  
  128  11:07  Probe x2 (Chrono Boost)  
  128  11:09  Observer (Chrono Boost)  
  131  11:13  Stalker  
  131  11:14  Disruptor (Chrono Boost)  
  132  11:21  Disruptor  
  128  11:36  Stalker x2  
  128  11:37  Probe  
  128  11:38  Probe  
  119  11:40  Stalker  
  119  11:41  Zealot  
  119  11:43  Zealot x2  
  119  11:44  Disruptor (Chrono Boost), Probe  
  130  11:50  Probe x3  
  130  11:54  Disruptor (Chrono Boost)  
  131  11:56  Assimilator  
  134  12:08  Stalker x3  
  140  12:12  Disruptor (Chrono Boost)  
  140  12:13  Photon Cannon  
  141  12:15  Shield Battery  
  141  12:22  Disruptor  
  138  12:33  Stalker x5  
  148  12:37  Charge (Chrono Boost)  
  148  12:45  Disruptor  
  148  12:46  Gateway  
  148  12:49  Gateway  
  148  12:50  Gateway  
  148  12:53  Gateway  
  148  12:55  Gateway  
  144  13:04  Stalker  
  140  13:12  Observer  
  140  13:14  Pylon  
  140  13:15  Pylon  
  140  13:17  Shadow Stride (Chrono Boost), Photon Cannon  
  140  13:22  Protoss Shields Level 1  
  140  13:23  Pylon  
  140  13:24  Pylon  
  140  13:26  Pylon  
  140  13:27  Nexus, Pylon  
  140  13:29  Pylon  
  140  13:31  Disruptor, Phoenix  
  140  13:32  Observer  
  142  13:54  Nexus  
  142  13:56  Dark Templar x5  
  142  14:01  Disruptor  
  155  14:07  Nexus  
  141  14:24  Stalker x6  
  141  14:26  Disruptor  
  141  14:28  Observer  
  147  14:42  Stalker x5  
  157  14:47  Photon Cannon  
  157  14:48  Observer  
  157  14:49  Shield Battery  
  157  14:50  Photon Cannon  
  157  14:52  Photon Cannon  
  157  14:57  Zealot x3, Dark Templar x2  
  157  14:58  Zealot  
  161  15:06  Disruptor  
  164  15:07  Observer  
  164  15:10  Pylon  
  159  15:25  Zealot x2  
  159  15:26  Zealot x7  
  165  15:29  Disruptor  
  160  15:42  Disruptor (Chrono Boost)  
  131  15:46  Stalker x6  
  120  15:51  Stalker x2  
  115  15:59  Observer  
  115  16:11  Disruptor (Chrono Boost), Nexus  
  115  16:14  Disruptor (Chrono Boost)  
  121  16:23  Gravitic Boosters (Chrono Boost)  
  116  16:41  Dark Templar x2  
  110  16:55  Stalker x5  

Tags
 
Add a new tag
Caveats
  • Supply blocks, unpowered buildings, or Contaminate may cause inaccurate times.
  • Supply counts are checked every 10 seconds.